 Dungeon Crawl Stone Soup version 0.28-b1-78-gc65acfa365 (webtiles) character file.

Game seed: 1106196505559997593

297 Brecoman the Firebug (level 6, -1/48 HPs)
             Began as a Draconian Fire Elementalist on Feb 3, 2022.
             Was a Believer of Makhleb.
             Slain by an orc (4 damage)
             ... on level 5 of the Dungeon.
             The game lasted 00:11:54 (4975 turns).

Brecoman the Firebug (Draconian Fire Elementalist)  Turns: 4975, Time: 00:11:55

Health: -1/48      AC:  7    Str: 10    XL:     6   Next: 12%
Magic:  5/10       EV: 11    Int: 18    God:    Makhleb [**....]
Gold:   113        SH:  4    Dex: 11    Spells: 4/10 levels left

rFire   . . .      SeeInvis .   b - +0 dagger
rCold   . . .      Faith    .   r - +0 buckler
rNeg    . . .      Spirit   .   (armour unavailable)
rPois   .          Reflect  .   (helmet restricted)
rElec   .          Harm     .   (no cloak)
rCorr   .          Rampage  .   (no gloves)
Will    .....                   k - +0 pair of boots
Stlth   ++........              (no amulet)
HPRegen 0.16/turn               (no ring)
MPRegen 0.12/turn               (no ring)

@: no status effects
A: AC +6, unfitting armour, cold-blooded
a: Renounce Religion, Minor Destruction


You were on level 5 of the Dungeon.
You worshipped Makhleb.
Makhleb was pleased with you.
You visited 1 branch of the dungeon, and saw 5 of its levels.

You collected 113 gold pieces.

Inventory:

Hand Weapons
 b - a +0 dagger (weapon)
Missiles
 a - 38 stones
Armour
 k - a +0 pair of boots (worn)
 l - a +0 kite shield
 r - a +0 buckler (worn)
Magical Staves
 n - a staff of air
Wands
 o - a wand of mindburst (5)
Scrolls
 c - 2 scrolls of identify {unknown}
 d - a scroll of fog {unknown}
 g - a scroll of summoning {unknown}
 j - 2 scrolls of magic mapping {unknown}
 m - a scroll of fear {unknown}
 p - a scroll of blinking {unknown}
Potions
 e - a potion of curing {unknown}
 f - a potion of heal wounds {unknown}
 h - a potion of ambrosia {unknown}
 i - a potion of resistance {unknown}
 q - a potion of cancellation {unknown}


   Skills:
 + Level 2.1 Fighting
 - Level 1.9 Dodging
 - Level 2.0 Stealth
 * Level 1.7 Shields
 + Level 2.9 Spellcasting
 + Level 2.9 Conjurations
 + Level 4.4 Fire Magic
 - Level 1.2 Invocations


You had 4 spell levels left.
You knew the following spells:

 Your Spells              Type           Power      Damage    Failure   Level
a - Foxfire               Conj/Fire      60%        2x1d7     4%          1
b - Scorch                Fire           36%        2d6       5%          2
c - Conjure Flame         Conj/Fire      15%        6-21      14%         3

Your spell library contained the following spells:

 Spells                   Type           Power      Damage    Failure   Level
 Magic Dart               Conj           52%        1d5       7%          1
 Inner Flame              Hex/Fire       10%        N/A       26%         3
 Call Imp                 Summ           2%         N/A       32%         2
 Mephitic Cloud           Conj/Pois/Air  6%         N/A       41%         3
 Flame Wave               Conj/Fire      15%        2d6       43%         4


Dungeon Overview and Level Annotations

Branches:
Dungeon (5/15)
 Temple: D:4-7

Altars:
Makhleb
The Shining One

Shops:
D:1 !   D:3 *   D:4 !

Annotations:
D:5 Pikel


Innate Abilities, Weirdness & Mutations

Your plain brown scales are hard. (AC +6)
You cannot fit into any form of body armour.
You are cold-blooded and may be slowed by cold attacks.


Message History

An orc comes into view. It is wielding a +0 club.
The orc shouts! x2
An orc wizard comes into view. It is wielding a +0 dagger. x2
The orc wizard shouts!
An orc wizard comes into view.
It is wielding a +0 dagger and wearing a +0 robe of resistance.
You block the orc's attack.
The orc wizard points at you and mumbles some strange words.
You are confused.
You're too confused to move!
The orc wizard shouts! x2
The orc barely misses you. The orc hits you but does no damage.
The orc wizard mumbles some strange words.
The orc wizard flickers and vanishes!
Deactivating autopickup; reactivate with Ctrl-A.
Pikel barely misses you.
You closely miss the orc. The orc hits you but does no damage.
The orc wizard casts a spell.
The orc wizard flickers and vanishes!
Pikel hits you but does no damage.
Unknown command.
The orc throws a boomerang.
The boomerang hits you but does no damage.
The orc closely misses you.
You're too confused to move!
You hear some strange, mumbled words.
You are more confused.
The orc hits you with a +0 club.
* * * LOW HITPOINT WARNING * * *
Pikel closely misses you.
The orc wizard hits you with a +0 dagger.
* * * LOW HITPOINT WARNING * * *
You hear some strange, mumbled words.
A puff of flame appears from out of thin air!
The puff of flame hits you.
* * * LOW HITPOINT WARNING * * *
The orc wizard points at you and mumbles some strange words.
The magic dart hits you.
* * * LOW HITPOINT WARNING * * *
You feel less confused. The orc hits you with a +0 flail.
You die...

#### # ######..### ####
####.........### ...#
###.......@oK....# ...#
##..........o...<.## ..##
#..............o...# #.#
#.........รท........# #.#
##..................#
#.###...................##
#..##....................# .
#..##....................###...#
#..###.......................#


You could see Pikel, an orc wizard and 2 orcs.

Vanquished Creatures
  An ogre (D:5)
  A lemure (D:5)
  2 hounds
  2 iguanas (D:4)
  A hound skeleton (D:4)
  3 adders (D:2)
  An adder skeleton (D:4)
  A worm (D:2)
  2 dart slugs
  An orc (D:4)
  3 ball pythons
  6 endoplasms
  4 giant cockroaches
  5 goblins
  5 hobgoblins
  3 kobolds
  7 quokkas
  2 bats (D:3)
  3 frilled lizards
  6 rats
  4 butterflies (D:3)
63 creatures vanquished.

Vanquished Creatures (others)
  75 foxfires
75 creatures vanquished.

Grand Total: 138 creatures vanquished

Notes
Turn   | Place    | Note
-------+----------+-------------------------------------------
     0 | D:1      | Brecoman the Draconian Fire Elementalist began the quest
                  | for the Orb.
     0 | D:1      | Reached XP level 1. HP: 14/14 MP: 3/3
   157 | D:1      | Found a faded altar of an unknown god.
   168 | D:1      | Prayed at the altar of an unknown god.
   168 | D:1      | Became a worshipper of Makhleb the Destroyer
   168 | D:1      | Reached * piety under Makhleb
   470 | D:1      | Reached XP level 2. HP: 19/20 MP: 5/5
   478 | D:1      | Found Uheemny's Distillery.
  1214 | D:2      | Reached XP level 3. HP: 26/26 MP: 3/6
  1346 | D:2      | Learned a level 2 spell: Scorch
  1350 | D:2      | Learned a level 3 spell: Conjure Flame
  1491 | D:2      | Reached ** piety under Makhleb
  2331 | D:3      | Found Ograssub's General Store.
  2350 | D:3      | Reached XP level 4. HP: 34/34 MP: 2/7
  2794 | D:3      | Reached skill level 4 in Fire Magic
  2904 | D:3      | Found a glowing golden altar of the Shining One.
  3410 | D:4      | Found Rewuk's Distillery.
  3495 | D:4      | Reached skill level 1 in Fighting
  3580 | D:4      | Reached skill level 1 in Invocations
  3668 | D:4      | Reached XP level 5. HP: 40/40 MP: 1/8
  4542 | D:5      | Entered Level 5 of the Dungeon
  4568 | D:5      | Reached skill level 1 in Shields
  4748 | D:5      | Noticed an ogre
  4754 | D:5      | Killed an ogre
  4755 | D:5      | Reached XP level 6. HP: 48/48 MP: 4/10
  4894 | D:5      | Noticed Pikel
  4975 | D:5      | Slain by an orc

Illustrated notes

Levels and vault maps discovered:
D:1:      heliophobic_arrival_glass_houses, layout_basic, serial_shops,
          nicolae_shop_crystal, hellmonk_ecumenical_altar_inner_sanctum,
          corexii_hall_statues_t
D:2:      wander_river, layout_basic, minmay_pentomino_v2
D:3:      layout_loops_corners, mainiacjoe_overflow_alcove_4, serial_shops,
          nicolae_shop_statue_plus, hangedman_glass_garden
D:4:      layout_basic, serial_shops, shop_statue,
          chequers_serial_rivers_small_3, nicolae_elevator_lobby_plus
D:5:      layout_cave_pods, uniq_pikel

Skill      XL: |  1  2  3  4  5 |
---------------+----------------+-----
Stealth        | 2 |  2.0
Conjurations   | 2 |  2.9
Fire Magic     | 4 |  4.4
Fighting       | 1 2 |  2.1
Invocations    | 1 |  1.2
Shields        | 1 |  1.7
Dodging        | |  1.9
Spellcasting   | |  2.9

Action                   |  1- 3 |  4- 6 || total
-------------------------+-------+-------++-------
Melee: Hand axe          |    13 |       ||    13
       Unarmed           |     2 |       ||     2
       Tailslap          |     3 |     2 ||     5
       Dagger            |    18 |    10 ||    28
       Punch             |     1 |       ||     1
 Cast: Foxfire           |    33 |    13 ||    46
       Scorch            |    15 |    40 ||    55
 Stab: Sleeping          |     4 |       ||     4
Armor: Skin              |    14 |    13 ||    27
Dodge: Dodged            |    31 |    26 ||    57
Block: Buckler           |       |     2 ||     2
